Map: Overgrowth LE (Void)

Players

LETE

  • Race: Terran Terran
  • League: Platinum
  • Spawn Location: 7:00

hobodeath420 - Winner!

  • Race: Terran Terran
  • League: Platinum
  • Spawn Location: 1:00

VOD

https://youtu.be/HNspJqxbw4o

Description

Time

  • Played on: Dec. 13, 2016, 7:08 p.m.
  • Length: 6:25
Show
View Real Time Build Order
Export as new Build Order

LETE Terran 

Build Orders:  

Get SALT Encoding   

  12  0:03  SCV  
  13  0:15  SCV  
  13  0:17  Supply Depot  
  14  0:28  SCV  
  15  0:42  SCV  
  16  0:48  Barracks  
  16  0:50  Barracks  
  16  0:54  SCV  
  17  1:01  Refinery  
  17  1:06  SCV  
  18  1:13  Supply Depot  
  18  1:18  SCV  
  19  1:30  SCV  
  20  1:37  Marine x2  
  22  1:43  Orbital Command  
  22  1:46  Refinery  
  22  1:55  Marine x2  
  24  2:06  Factory  
  24  2:09  SCV  
  24  2:13  Marine  
  24  2:14  Marine  
  27  2:21  SCV  
  28  2:31  Marine x2  
  28  2:32  Supply Depot  
  28  2:33  SCV  
  31  2:53  Starport, Marine x2  
  31  2:54  Factory Reactor  
  33  2:59  Supply Depot  
  33  3:11  Marine x2  
  35  3:13  SCV  
  36  3:22  Supply Depot  
  36  3:29  Marine x2  
  38  3:37  Medivac x2  
  42  3:49  Command Center  
  42  3:50  Marine x2  
  42  3:54  Factory Tech Lab  
  44  4:01  Engineering Bay  
  44  4:09  Marine  
  45  4:10  Marine  
  46  4:17  Siege Tank  
  46  4:23  Viking  
  51  4:32  Missile Turret  
  51  4:35  Marine  
  51  4:36  Marine  
  53  4:49  SCV  
  54  5:00  Siege Tank  
  51  5:52  Marine, Siege Tank  
Show
View Real Time Build Order
Export as new Build Order

hobodeath420 Terran - Winner!

Build Orders: Cyclone Opening 

Get SALT Encoding   

  12  0:01  SCV  
  13  0:13  SCV  
  14  0:18  Supply Depot  
  14  0:25  SCV  
  15  0:39  SCV  
  15  0:40  Barracks  
  16  0:50  Supply Depot  
  16  0:52  SCV  
  17  1:02  Refinery  
  17  1:04  SCV  
  18  1:05  Refinery  
  18  1:16  SCV  
  19  1:20  Barracks  
  19  1:30  Orbital Command  
  19  1:39  Marine  
  20  1:54  Factory  
  20  1:56  SCV  
  21  2:09  Factory  
  21  2:11  Marine  
  21  2:13  SCV  
  23  2:21  Marine  
  24  2:25  SCV  
  25  2:37  Factory Tech Lab  
  25  2:40  Supply Depot  
  25  2:41  SCV  
  26  2:50  Barracks Tech Lab  
  26  2:54  Factory Tech Lab  
  26  2:57  Cyclone  
  29  3:02  Siege Tank  
  29  3:05  Marine  
  33  3:10  Supply Depot  
  33  3:13  Marauder  
  35  3:28  Marine  
  35  3:34  Marine, Siege Tank  
  39  3:38  Supply Depot  
  40  3:44  Cyclone  
  40  3:46  Marine  
  44  3:52  Marauder  
  46  4:01  Supply Depot  
  46  4:04  Marine  
  46  4:07  Cyclone  
  50  4:13  Marine  
  53  4:17  Hellion  
  53  4:22  Marine  
  54  4:31  Marine  
  58  4:39  Marine, Hellion  
  58  4:44  Supply Depot  
  61  4:49  Marine  
Tags
 
Add a new tag
Caveats
  • Supply blocks, unpowered buildings, or Contaminate may cause inaccurate times.
  • Supply counts are checked every 10 seconds.